 Dungeon Crawl Stone Soup version 0.27-a0-277-g024f7ef292 (webtiles) character file.

Game seed: 13510052764408018269

249 Borgoz the Skirmisher (level 6, -1/58 HPs)
             Began as a Gargoyle Berserker on Feb 6, 2021.
             Was a Believer of Trog.
             Slain by a killer bee (6 damage)
             ... on level 3 of the Dungeon.
             The game lasted 00:02:31 (4092 turns).

Borgoz the Skirmisher (Gargoyle Berserker)          Turns: 4092, Time: 00:02:32

Health: -1/58      AC:  6    Str: 20    XL:     6   Next: 12%
Magic:  6/6        EV: 12    Int:  8    God:    Trog [**....]
Gold:   201        SH:  0    Dex: 11    Spells: 5/5 levels left

rFire    . . .     SeeInvis .   l - +0 flail
rCold    . . .     Faith    .   (no shield)
rNeg     + . .     Spirit   .   b - +0 animal skin
rPois    ∞         Reflect  .   (no helmet)
rElec    +         Harm     .   (no cloak)
rCorr    .         Rampage  .   (no gloves)
Will     .....                  (no boots)
Stlth    ..........             (no amulet)
HPRegen  0.19/turn              (no ring)
MPRegen  0.10/turn              (no ring)

@: berserking (expiring), very quick
A: negative energy resistance 1, electricity resistance, unbreathing,
petrification resistance, miasma immunity, AC +4
a: Renounce Religion, Berserk, Trog's Hand


You were on level 3 of the Dungeon.
You worshipped Trog.
Trog was pleased with you.
You visited 1 branch of the dungeon, and saw 4 of its levels.

You collected 201 gold pieces.

Inventory:

Hand Weapons
 l - a +0 flail (weapon)
Armour
 b - a +0 animal skin (worn)
Scrolls
 a - 2 scrolls of remove curse {unknown}
 c - a scroll of enchant armour {unknown}
 d - 2 scrolls of fog {unknown}
 e - 2 scrolls of random uselessness {unknown}
 f - 5 scrolls of identify {unknown}
 h - a scroll of immolation {unknown}
 i - 2 scrolls of teleportation {unknown}
 m - a scroll of blinking {unknown}
 o - a scroll of magic mapping {unknown}
 p - 3 scrolls of fear {unknown}
Potions
 g - 2 potions of resistance {unknown}
 j - 3 potions of curing {unknown}
 k - 2 potions of heal wounds {unknown}
 n - a potion of ambrosia {unknown}
 q - a potion of lignification {unknown}
 r - 2 potions of magic {unknown}


   Skills:
 + Level 4.6 Fighting
 + Level 4.1 Maces & Flails
 + Level 3.9 Armour
 + Level 2.8 Dodging


You had 5 spell levels left.
You didn't know any spells.
Your spell library was empty.

Dungeon Overview and Level Annotations

Branches:
Dungeon (4/15)
 Temple: D:4-7

Altars:
Dithmenos
Kikubaaqudgha

Annotations:
D:4 Blork the orc


Innate Abilities, Weirdness & Mutations

You are resistant to torment.
Your stone body is resilient. (AC +4)
You are immune to poison.
You resist negative energy. (rN+)
You are resistant to electric shocks. (rElec)
You can survive without breathing.
You are immune to petrification.
You are immune to miasma.


Message History

You bludgeon the jackal!!
You kill the jackal!
Trog accepts your kill. The adder bites you but does no damage.
The killer bee barely misses you. The killer bee stings you!
* * * LOW HITPOINT WARNING * * *
The adder barely misses you.
You thump the adder!
You kill the adder!
Trog accepts your kill. The killer bee stings you.
* * * LOW HITPOINT WARNING * * *
The killer bee stings you but does no damage. x2
You are too berserk!
You closely miss the killer bee.
The killer bee is moderately wounded.
The killer bee completely misses you. x2
The killer bee stings you but does no damage.
The killer bee stings you.
You die...

##.#.########
#.#.........########
###...#.............#
#.......####....†...#
#.##.#### ########.#
#.##.# #.# #.##.# #.#
#.##y###### ##.#
#.##@y.>..########...
#.##†y....#..........
#.##........######...
#.##.............##..
#.#.......#.####.#...
#.....###.....##.#.<.
######..###.##.#.#.##.#...
#.......# #....#.#.##.#...
#.####..###.####.#.##.#..[


You could see 3 killer bees.

Vanquished Creatures
  3 killer bees (D:3)
  5 adders
  2 worms (D:3)
  2 dart slugs (D:1)
  2 leopard geckos
  5 orcs
  2 giant cockroaches (D:1)
  6 goblins
  12 hobgoblins
  A jackal (D:3)
  3 kobolds
  10 bats
  5 frilled lizards
  6 rats
64 creatures vanquished.

Notes
Turn   | Place    | Note
-------+----------+-------------------------------------------
     0 | D:1      | Borgoz the Gargoyle Berserker began the quest for the Orb.
     0 | D:1      | Reached XP level 1. HP: 14/14 MP: 1/1
   155 | D:1      | Reached XP level 2. HP: 18/19 MP: 2/2
   621 | D:1      | Reached XP level 3. HP: 23/23 MP: 3/3
  1398 | D:2      | Reached ** piety under Trog
  1521 | D:2      | Found a shadowy altar of Dithmenos.
  1780 | D:2      | Found an ancient bone altar of Kikubaaqudgha.
  2093 | D:2      | Reached XP level 4. HP: 28/29 MP: 4/4
  3819 | D:4      | Noticed Blork the orc
  3819 | D:4      | Noticed an ogre
  3823 | D:3      | Reached XP level 5. HP: 11/33 MP: 5/5
  3829 | D:3      | Reached XP level 6. HP: 6/39 MP: 6/6
  4092 | D:3      | Slain by a killer bee

Illustrated notes

Levels and vault maps discovered:
D:1:      nicolae_arrival_memento_mori, layout_basic, st_stairs_1
D:2:      layout_basic, kiku_gazebo_pond_becter, nicolae_dithmenos_shadow_blocks
D:3:      layout_loops_ring
D:4:      layout_gridville, old_standard_altar, mrwooster_statue_mirror,
          uniq_blork_the_orc

Skill      XL: |  1  2  3  4  5 |
---------------+----------------+-----
Dodging        | 2 |  2.8
Armour         | 3 |  3.9
Fighting       | 4 |  4.6
Maces & Flails | 4 |  4.1

Action                   |  1- 3 |  4- 6 || total
-------------------------+-------+-------++-------
Melee: Mace              |    71 |       ||    71
       Flail             |    43 |    98 ||   141
Invok: Berserk           |       |     2 ||     2
 Stab: Sleeping          |     2 |     1 ||     3
Armor: Animal skin       |    50 |    48 ||    98
Dodge: Dodged            |    93 |   108 ||   201

Table legend: (Time is in decaauts)
 A = Elapsed time spent in this place.
 B = Non-inter-level travel time spent in this place.
 C = Inter-level travel time spent in this place.
 D = Time resting spent in this place.
 E = Time spent auto-exploring this place.
 F = Levels seen in this place.
 G = Mean time per level.
                   A        B        C        D        E       F      G
               +--------+--------+--------+--------+--------+-----+--------+
         Total |   4151 |   4010 |    141 |    986 |   2508 |   4 | 1037.8 |
       Dungeon |   4151 |   4010 |    141 |    986 |   2508 |   4 | 1037.8 |
               +--------+--------+--------+--------+--------+-----+--------+

Top non-repeatable levels by time:
     D:3: 1503 daAuts
     D:2: 1350 daAuts
     D:1: 1289 daAuts
     D:4: 7 daAuts
